 Dungeon Crawl Stone Soup version 0.28.0-47-ge53b351184 (webtiles) character file.

Game seed: 17222750675497714152

1071 olmar the Cudgeller (level 8, -6/48 HPs)
             Began as a Gargoyle Fighter on May 1, 2022.
             Was a Follower of Makhleb.
             Mangled by an ogre
             ... wielding a +0 giant club
              (13 damage)
             ... on level 6 of the Dungeon.
             The game lasted 00:08:34 (6569 turns).

olmar the Cudgeller (Gargoyle Fighter)              Turns: 6569, Time: 00:08:35

Health: -6/48      AC: 16    Str: 20 (21) XL:     8   Next: 28%
Magic:  8/8        EV:  7    Int:  8 (10) God:    Makhleb [*.....]
Gold:   230        SH:  4    Dex:  6 (9)  Spells: 7/7 levels left

rFire   . . .      SeeInvis .   d - +2 mace (holy)
rCold   + . .      Faith    .   c - +0 buckler
rNeg    + . .      Spirit   .   e - +0 chain mail
rPois   ∞          Reflect  .   (helmet restricted)
rElec   +          Harm     .   i - +0 cloak
rCorr   .          Rampage  .   (no gloves)
Will    .....                   (no boots)
Stlth   ..........              (no amulet)
HPRegen 0.16/turn               (no ring)
MPRegen 0.11/turn               (no ring)

@: about to teleport, flying
A: sickness immunity, AC +5, negative energy resistance 1, electricity
resistance, torment resistance 1, petrification resistance, big wings, horns 1,
cold resistance 1, MP-powered wands
a: Renounce Religion


You were on level 6 of the Dungeon.
You worshipped Makhleb.
Makhleb was aware of your devotion.
You visited 1 branch of the dungeon, and saw 6 of its levels.

You collected 230 gold pieces.

Inventory:

Hand Weapons
 a - a +0 flail
 d - a +2 mace of holy wrath (weapon)
 n - the +6 spear of Bread {vorpal, Str+2 Dex+4}
   (You found it on level 5 of the Dungeon)

   It inflicts extra damage upon your enemies.
   Str:       It affects your strength (+2).
   Dex:       It affects your dexterity (+4).
Armour
 b - a +0 scale mail
 c - a +0 buckler (worn)
 e - a +0 chain mail (worn)
 i - a +0 cloak (worn)
Jewellery
 k - a ring of wizardry
Wands
 h - a wand of flame (13)
Scrolls
 f - 2 scrolls of identify
 g - a scroll of magic mapping
 m - a scroll of silence {unknown}
 o - 2 scrolls of blinking {unknown}
 r - 3 scrolls of vulnerability {unknown}
 s - a scroll of holy word {unknown}
Potions
 p - 3 potions of curing
 q - 2 potions of might


   Skills:
 + Level 4.9 Fighting
 + Level 7.1 Maces & Flails
 + Level 5.6 Armour
 - Level 1.3 Dodging
 + Level 0.7 Stealth
 + Level 4.5 Shields


You had 7 spell levels left.
You didn't know any spells.
Your spell library was empty.

Dungeon Overview and Level Annotations

Branches:
Dungeon (6/15)
 Temple: D:4-7

Altars:
Makhleb

Annotations:
D:4 1 runed translucent door, Crazy Yiuf


Innate Abilities, Weirdness & Mutations

You are immune to sickness and miasma.
Your stone body is resilient. (AC +5)
You are immune to poison.
You resist negative energy. (rN+)
You are resistant to electric shocks. (rElec)
You are resistant to unholy torment.
You are immune to petrification.
Your large and strong wings let you fly.
You have a pair of small horns on your head.
Your flesh is cold resistant. (rC+)
You expend magic power (3 MP) to strengthen your wands.


Message History

Unknown command.
You start resting.
HP restored.
Unknown command.
You fly downwards.
You block the orc warrior's attack.
The orc warrior hits you with a +0 vorpal battleaxe!
There is a stone staircase leading up, spattered with blood here.
Items here: ))) [[.
Unknown command.
You hit the orc warrior. Your headbutt misses the orc warrior.
The orc warrior is lightly wounded.
The orc wizard hits you but does no damage.
The orc warrior hits you with a +0 vorpal battleaxe!
Unknown command.
The orc wizard mumbles some strange words.
The orc wizard flickers and vanishes!
Deactivating autopickup; reactivate with Ctrl-A.
There is a stone staircase leading down here.
Unknown command.
Unknown command.
Unknown command.
You fly downwards.
Reactivating autopickup.
The ogre hits you with a +0 giant club!
* * * LOW HITPOINT WARNING * * *
There is a stone staircase leading up here.
Unknown command.
Okay, then.
You feel much better. The ogre hits you with a +0 giant club!
An ogre comes into view. It is wielding a +0 giant club.
The ogre moves out of view.
There is a stone staircase leading down here.
An ice beast comes into view.
The ice beast moves out of view.
As you read the scroll of teleportation, it crumbles to dust.
You feel strangely unstable. The ogre hits you with a +0 giant club!
* * * LOW HITPOINT WARNING * * *
Unknown command.
The ogre hits you with a +0 giant club!
You die...

#. ###.#### ######
##......#
......##.......# .
...............# ..
....... #......## #...
....... #.......##.....
.......##......@..Y....
#.<.....>O.O##....
#.##......#.......
...#...#.######....
.......###... ...
Z.....### ##### ..
...... . ...... ......


You could see an ice beast and 2 ogres.

Vanquished Creatures
  A wyvern (D:4)
  A sky beast (D:5)
  3 scorpions (D:4)
  2 howler monkeys (D:5)
  2 hounds (D:5)
  4 orc priests
  2 bullfrog skeletons
  Jessica (D:2)
  Terence (D:3)
  2 iguanas
  2 orc wizards
  4 gnolls (D:5)
  7 adders
  An adder skeleton (D:4)
  2 dart slugs
  16 orcs
  11 endoplasms
  2 giant cockroaches
  7 goblins
  7 hobgoblins
  4 jackals
  5 ball pythons
  2 bats
  4 frilled lizards
  4 kobolds
  A quokka skeleton (D:4)
  4 rats
102 creatures vanquished.

Notes
Turn   | Place    | Note
-------+----------+-------------------------------------------
     0 | D:1      | olmar the Gargoyle Fighter began the quest for the Orb.
     0 | D:1      | Reached XP level 1. HP: 14/14 MP: 1/1
   104 | D:1      | Reached XP level 2. HP: 16/19 MP: 2/2
   655 | D:1      | Reached XP level 3. HP: 22/23 MP: 3/3
  1055 | D:2      | Noticed Jessica
  1058 | D:2      | Killed Jessica
  1059 | D:2      | Reached XP level 4. HP: 24/29 MP: 4/4
  1073 | D:2      | Reached skill level 3 in Maces & Flails
  2131 | D:3      | Reached XP level 5. HP: 22/33 MP: 5/5
  2254 | D:3      | Found a faded altar of an unknown god.
  2537 | D:3      | Found a burning altar of Makhleb.
  2595 | D:3      | Became a worshipper of Makhleb the Destroyer
  2675 | D:3      | Noticed Terence
  2693 | D:3      | Killed Terence
  2694 | D:3      | Reached skill level 4 in Maces & Flails
  3390 | D:4      | Reached XP level 6. HP: 28/38 MP: 6/6
  3477 | D:4      | Reached skill level 5 in Maces & Flails
  3722 | D:4      | Found a runed translucent door.
  3723 | D:4      | Noticed Crazy Yiuf
  3738 | D:4      | Noticed a wyvern
  3748 | D:4      | Killed a wyvern
  3749 | D:4      | Reached XP level 7. HP: 34/43 MP: 7/7
  3757 | D:4      | Reached skill level 5 in Armour
  4836 | D:4      | Reached skill level 6 in Maces & Flails
  5215 | D:5      | Entered Level 5 of the Dungeon
  5240 | D:5      | Identified the +6 spear of Bread {vorpal, Str+2 Dex+4}
  5251 | D:5      | Reached skill level 1 in Dodging
  5288 | D:5      | Reached * piety under Makhleb
  5298 | D:5      | Reached XP level 8. HP: 29/48 MP: 8/8
  5544 | D:5      | Gained mutation: You expend magic power (3 MP) to
                  | strengthen your wands. [potion of mutation]
  5544 | D:5      | Gained mutation: Your flesh is cold resistant. (rC+)
                  | [potion of mutation]
  5544 | D:5      | Gained mutation: You have a pair of small horns on your
                  | head. [potion of mutation]
  5544 | D:5      | Gained mutation: Your large and strong wings let you fly.
                  | [potion of mutation]
  6203 | D:5      | Reached skill level 7 in Maces & Flails
  6558 | D:6      | HP: 1/48 [ogre/+0 giant club (17)]
  6569 | D:6      | Mangled by an ogre

Illustrated notes

Levels and vault maps discovered:
D:1:      evilmike_arrival_grusome_pit, layout_rooms, kennysheep_boxes
D:2:      wad_pebble_path, layout_loops_corners, uniq_jessica
D:3:      layout_basic, marbit_many_paths, shapermc_ecumenical_altar_venn,
          uniq_terence
D:4:      layout_cave_pools, st_stairs_11, grunt_decor_clamped,
          uniq_crazy_yiuf_cottage
D:5:      layout_loops_ring, serial_glass, glass_columns_c, glass_columns_b
D:6:      layout_rooms, minmay_temple_entry_antechambers

Skill      XL: |  1  2  3  4  5  6  7  8 |
---------------+-------------------------+-----
Maces & Flails | 3 4 5 6 7 |  7.1
Armour         | 4 5 |  5.6
Fighting       | 4 |  4.9
Shields        | 4 |  4.5
Dodging        | 1 |  1.3
Stealth        | |  0.7

Action                   |  1- 3 |  4- 6 |  7- 9 || total
-------------------------+-------+-------+-------++-------
Melee: Flail             |    89 |   202 |    23 ||   314
       Mace              |       |       |   116 ||   116
       Headbutt          |       |       |     5 ||     5
Evoke: Wand              |       |       |     4 ||     4
  Use: Scroll            |       |     3 |     2 ||     5
       Potion            |       |     4 |     3 ||     7
Armor: Chain mail        |    45 |   149 |    85 ||   279
       Skin              |       |    12 |    23 ||    35
Dodge: Dodged            |    27 |    66 |    40 ||   133
Block: Buckler           |    22 |    51 |    29 ||   102
